 Dungeon Crawl Stone Soup version 0.29-a0-319-gad05b8d819 (webtiles) character file.

Game seed: 9448631119800656391

38 Morbidden the Skirmisher (level 3, 0/31 HPs)
             Began as a Demigod Fighter on Apr 2, 2022.
             Killed by nerve-wracking pain
             ... invoked by Jessica
              (2 damage)
             ... on level 3 of the Dungeon.
             The game lasted 00:01:28 (1481 turns).

Morbidden the Skirmisher (Demigod Fighter)          Turns: 1481, Time: 00:01:28

Health: 0/31       AC:  6    Str: 21    XL:     3   Next: 10%
Magic:  5/5        EV:  9    Int: 10    God:
Gold:   133        SH:  4    Dex: 13    Spells: 2/2 levels left

rFire   . . .      SeeInvis .   a - +0 long sword
rCold   . . .      Faith    .   c - +0 buckler
rNeg    . . .      Spirit   .   b - +0 scale mail
rPois   .          Reflect  .   (no helmet)
rElec   .          Harm     .   (no cloak)
rCorr   .          Rampage  .   (no gloves)
Will    .....                   (no boots)
Stlth   ..........              (no amulet)
HPRegen 0.10/turn               (no ring)
MPRegen 0.09/turn               (no ring)

@: hasted, very quick
A: high MP 1, forlorn, divine attributes
a: no special abilities


You were on level 3 of the Dungeon.
You visited 1 branch of the dungeon, and saw 3 of its levels.

You collected 133 gold pieces.

Inventory:

Hand Weapons
 a - a +0 long sword (weapon)
Missiles
 g - 4 silver boomerangs
 k - 4 boomerangs (quivered)
Armour
 b - a +0 scale mail (worn)
 c - a +0 buckler (worn)
Scrolls
 h - a scroll of enchant armour {unknown}
 i - 2 scrolls of amnesia {unknown}
 j - 2 scrolls of teleportation {unknown}
Potions
 d - a potion of might
 e - a potion of haste
 f - 2 potions of mutation {unknown}
 l - a potion of curing {unknown}
 m - a potion of attraction {unknown}


   Skills:
 * Level 3.1 Fighting
 * Level 2.3 Long Blades
 + Level 3.0 Armour
 * Level 0.4 Dodging
 + Level 2.8 Shields
 * Level 0.3 Spellcasting


You had 2 spell levels left.
You didn't know any spells.
Your spell library was empty.

Dungeon Overview and Level Annotations

Branches:
Dungeon (3/15)

Annotations:
D:3 Jessica


Innate Abilities, Weirdness & Mutations

You have an increased reservoir of magic. (+10% MP)
You shall have no god before yourself.
Your divine heritage dramatically boosts your attributes as you level up.


Message History

Press: ? - help, Q - select action, (/) - cycle Shift-Dir - straight line, f/p - frilled lizard
Aim: a frilled lizard (38% to hit)
You throw a boomerang.
The boomerang closely misses the frilled lizard.
The boomerang barely misses Jessica.
Jessica very coldly says, "I hate your company."
Throw: 4 boomerangs
Press: ? - help, Q - select action, (/) - cycle Shift-Dir - straight line, f/p - frilled lizard
Aim: a frilled lizard (38% to hit)
You throw a boomerang.
The boomerang misses the frilled lizard.
The boomerang hits Jessica but does no damage.
The frilled lizard bites you but does no damage. x2
Throw: 4 boomerangs
Press: ? - help, Q - select action, (/) - cycle Shift-Dir - straight line, f/p - frilled lizard
Aim: a frilled lizard (38% to hit)
You throw a boomerang.
The boomerang closely misses the frilled lizard.
You block Jessica's attack. You block the frilled lizard's attack.
You closely miss Jessica. Jessica casts a spell at you.
Pain shoots through your body! You block the frilled lizard's attack.
Unknown command.
You closely miss Jessica.
Jessica hits you with a +8 dagger of protection!
The frilled lizard hisses.
The frilled lizard bites you.
Jessica hits you with a +8 dagger of protection.
The frilled lizard bites you but does no damage.
You closely miss Jessica.
Jessica hits you with a +8 dagger of protection!
* * * LOW HITPOINT WARNING * * *
The frilled lizard bites you but does no damage.
You closely miss Jessica. You block Jessica's attack.
The frilled lizard barely misses you.
Unknown command.
It was a potion of haste.
You feel yourself speed up. Jessica gestures at you while chanting.
Pain shoots through your body!
You die...

... #.# #.#
##.###.## .
.......# ...
#..# ..##
.....#####..#
...#
.......<....#
#..#
.###.######.#
#l@# #####.#
#@.#
...#.###..#
#.#)##>..#
#....#..##
##....#..#
#.###........#
#.......†....#
####.......##
##....#.#


You could see Jessica and a frilled lizard.

Vanquished Creatures
  An adder (D:2)
  A dart slug (D:2)
  An orc (D:3)
  A ball python (D:2)
  A bat (D:2)
  2 endoplasms
  2 giant cockroaches
  3 goblins (D:2)
  4 hobgoblins
  2 kobolds (D:2)
  4 rats
22 creatures vanquished.

Notes
Turn   | Place    | Note
-------+----------+-------------------------------------------
     0 | D:1      | Morbidden the Demigod Fighter began the quest for the Orb.
     0 | D:1      | Reached XP level 1. HP: 18/18 MP: 3/3
   249 | D:1      | You fall into a shaft and drop 1 floor!
   347 | D:2      | Reached XP level 2. HP: 24/26 MP: 4/4
  1019 | D:2      | Reached XP level 3. HP: 31/31 MP: 5/5
  1471 | D:3      | Noticed Jessica
  1481 | D:3      | Killed from afar by Jessica

Illustrated notes

Levels and vault maps discovered:
D:1:      minmay_arrival_loop, layout_loops_ring, serial_shops,
          nicolae_shop_hallway_plus, shapermc_ecumenical_altar_gd
D:2:      layout_loops_corners
D:3:      layout_loops_ring, uniq_jessica

Skill      XL: |  1  2  3 |
---------------+----------+-----
Fighting       | 3 |  3.1
Long Blades    | 2 |  2.3
Armour         | 3 |  3.0
Dodging        | |  0.4
Shields        | |  2.8
Spellcasting   | |  0.3

Action                   || total
-------------------------++-------
Melee: Long sword        ||    51
Throw: Boomerang         ||    25
  Use: Potion            ||     1
Armor: Scale mail        ||    26
Dodge: Dodged            ||    20
Block: Buckler           ||    10

Table legend: (Time is in decaauts)
 A = Elapsed time spent in this place.
 B = Non-inter-level travel time spent in this place.
 C = Inter-level travel time spent in this place.
 D = Time resting spent in this place.
 E = Time spent auto-exploring this place.
 F = Levels seen in this place.
 G = Mean time per level.
                   A        B        C        D        E       F      G
               +--------+--------+--------+--------+--------+-----+--------+
         Total |   1505 |   1456 |     49 |      0 |   1239 |   3 |  501.7 |
       Dungeon |   1505 |   1456 |     49 |      0 |   1239 |   3 |  501.7 |
               +--------+--------+--------+--------+--------+-----+--------+

Top non-repeatable levels by time:
     D:2: 1167 daAuts
     D:1: 251 daAuts
     D:3: 87 daAuts
